 Dungeon Crawl Stone Soup version 0.26.1-11-gd32895ea62 (webtiles) character file.

Game seed: 14528443188489861050

58 Silvore the Slasher (level 3, -1/28 HPs)
             Began as a Demonspawn Gladiator on June 29, 2021.
             Slain by an iron imp (7 damage)
             ... summoned by Natasha
             ... on level 2 of the Dungeon.
             The game lasted 00:02:00 (2074 turns).

Silvore the Slasher (Demonspawn Gladiator)          Turns: 2074, Time: 00:02:01

Health: -1/28      AC:  6    Str: 15    XL:     3   Next: 75%
Magic:  3/3        EV: 13    Int:  9    God:
Gold:   101        SH:  0    Dex: 14    Spells: 2/2 levels left

rFire    . . .     SeeInvis .   a - +0 long sword
rCold    . . .     Faith    .   (no shield)
rNeg     . . .     Spirit   .   b - +0 leather armour
rPois    .         Reflect  .   c - +0 helmet
rElec    .         Harm     .   (no cloak)
rCorr    .         Rampage  .   (no gloves)
Will     .....                  (no boots)
Stlth    +.........             (no amulet)
HPRegen  0.09/turn              (no ring)
MPRegen  0.08/turn              (no ring)

@: slowed, very slow
A: claws 1, slimy green scales 1
a: no special abilities


You were on level 2 of the Dungeon.
You visited 1 branch of the dungeon, and saw 2 of its levels.

You collected 101 gold pieces.

Inventory:

Hand Weapons
 a - a +0 long sword (weapon)
Missiles
 d - 3 throwing nets (quivered)
Armour
 b - a +0 leather armour (worn)
 c - a +0 helmet (worn)
Jewellery
 l - a cursed ring of attention {unknown}
 m - an uncursed ring of flight {unknown}
Scrolls
 e - 2 scrolls of magic mapping {unknown}
 f - a scroll of remove curse {unknown}
 g - a scroll of identify {unknown}
 h - 2 scrolls of teleportation {unknown}
Potions
 i - a potion of lignification {unknown}
 j - a potion of ambrosia {unknown}
 k - a potion of curing {unknown}
 n - a potion of cancellation {unknown}
 o - a potion of heal wounds


   Skills:
 + Level 2.3 Fighting
 + Level 3.3 Long Blades
 + Level 1.7 Throwing
 + Level 1.2 Armour
 + Level 3.1 Dodging
 + Level 0.5 Stealth


You had 2 spell levels left.
You didn't know any spells.
Your spell library was empty.

Dungeon Overview and Level Annotations

Branches:
Dungeon (2/15)

Altars:
Makhleb
Vehumet

Annotations:
D:2 Natasha


Innate Abilities, Weirdness & Mutations

You have sharp fingernails.
You are partially covered in slimy green scales. (AC +2)


Message History

The iron imp hits you but does no damage.
The bat hits you but does no damage. Natasha claws you.
You closely miss Natasha.
Natasha is severely wounded.
The bat closely misses you.
The hobgoblin hits you but does no damage.
The iron imp hits you but does no damage.
Natasha drinks a potion.
Natasha is healed!
The hobgoblin hits you but does no damage.
The iron imp hits you! The bat closely misses you.
You riposte.
You barely miss the bat. Natasha claws you.
* * * LOW HITPOINT WARNING * * *
You hit Natasha.
Natasha is heavily wounded.
The bat hits you but does no damage. x2; The hobgoblin hits you with a +0 club.
* * * LOW HITPOINT WARNING * * *
Natasha wildly gestures.
Natasha's front paws start to glow.
Natasha misses you. The iron imp hits you!
You die...

...(###
###..#.......###
#####
#.#(.........
#.....)...###
####.......##
#....#.†..##
#.#####b..#
##########.#
#..#.#
...........#
##..#..#
############
#..@##.#
#.(..gh5.....#
#........###..
#........#
#.....?...
##.######.. ..
... .. ....


You could see an iron imp (summoned), Natasha, a hobgoblin and a bat.

Vanquished Creatures
  An adder (D:2)
  2 worms (D:2)
  3 dart slugs
  2 leopard geckos (D:2)
  6 goblins
  4 hobgoblins
  2 jackals (D:2)
  5 kobolds
  2 bats (D:1)
  5 frilled lizards (D:1)
  2 rats (D:1)
34 creatures vanquished.

Notes
Turn   | Place    | Note
-------+----------+-------------------------------------------
     0 | D:1      | Silvore the Demonspawn Gladiator began the quest for the
                  | Orb.
     0 | D:1      | Reached XP level 1. HP: 16/16 MP: 1/1
   417 | D:1      | Gained mutation: You have sharp fingernails. [demonic
                  | ancestry]
   417 | D:1      | Reached XP level 2. HP: 15/22 MP: 2/2
  1523 | D:2      | Gained mutation: You are partially covered in slimy green
                  | scales. (AC +2) [demonic ancestry]
  1523 | D:2      | Reached XP level 3. HP: 14/28 MP: 3/3
  1689 | D:2      | Reached skill level 1 in Armour
  1823 | D:2      | Found a burning altar of Makhleb.
  1823 | D:2      | Found a radiant altar of Vehumet.
  2064 | D:2      | Noticed Natasha
  2074 | D:2      | Slain by an iron imp

Illustrated notes

Levels and vault maps discovered:
D:1:      dpeg_arrival_tiny_f, layout_loops_ring
D:2:      layout_rooms, gammafunk_temple_overflow_elements, zin_angel,
          uniq_natasha

Skill      XL: |  1  2  3 |
---------------+----------+-----
Long Blades    | 3 |  3.3
Armour         | 1 |  1.2
Dodging        | 3 |  3.1
Fighting       | |  2.3
Throwing       | |  1.7
Stealth        | |  0.5

Action                   || total
-------------------------++-------
Melee: Long sword        ||    98
Armor: Leather armour    ||    43
Dodge: Dodged            ||   110
       Rpst.: Long sword ||    28
